 Dungeon Crawl Stone Soup version 0.30-a0-937-ga0a21ad780 (webtiles) character file.

Game seed: 9163792332668256726

7098 BillyBaka the Cleaver (level 10, -1/93 HPs)
             Began as a Minotaur Fighter on Mar 25, 2023.
             Was a High Priest of Okawaru.
             Slain by a fire elemental (12 damage)
             ... led by Azrael
             ... on level 1 of the Orcish Mines.
             The game lasted 00:43:36 (6933 turns).

BillyBaka the Cleaver (Minotaur Fighter)            Turns: 6933, Time: 00:43:37

Health: -1/93      AC: 13    Str: 25    XL:     10   Next: 84%
Magic:  13/13      EV: 16    Int:  5    God:    Okawaru [*****.]
Gold:   701        SH:  0    Dex: 12    Spells: 9/9 levels left

rFire   . . .      SeeInvis +    v - +4 battleaxe (freeze)
rCold   . . .      Faith    .    (shield currently unavailable)
rNeg    . . .      Spirit   .    L - +1 leather armour of Xenlil {Will+ Dex+2 SInv}
rPois   .          Reflect  .    (helmet restricted)
rElec   .          Rampage  .    K - +0 cloak
rCorr   .                        (no gloves)
Will    +....                    C - +2 pair of boots
Stlth   +                        e - amulet of regeneration
HPRegen 1.15/turn                D - +5 ring of evasion
MPRegen 0.13/turn                A - +4 ring of protection

@: marked, attractive
A: horns 2, retaliatory headbutt
a: Renounce Religion, Heroism, Finesse, Duel


You were on level 1 of the Orcish Mines.
You worshipped Okawaru.
Okawaru was extremely pleased with you.
You visited 3 branches of the dungeon, and saw 12 of its levels.

You collected 701 gold pieces.

Inventory:

Hand Weapons
 v - a +4 battleaxe of freezing (weapon)
Missiles
 c - 3 silver javelins
 y - 3 poisoned darts (quivered)
 N - a curare-tipped dart
 O - 4 javelins
Armour
 C - a +2 pair of boots (worn)
 K - a +0 cloak (worn)
 L - the +1 leather armour of Xenlil (worn) {Will+ Dex+2 SInv}
   (You found it on level 7 of the Dungeon)

   Dex:       It affects your dexterity (+2).
   SInv:      It lets you see invisible.
   Will:      It increases your willpower.
 P - a +0 tower shield
 R - a +1 plate armour of cold resistance
Jewellery
 e - an amulet of regeneration (around neck)
 t - a ring of flight
 A - a +4 ring of protection (right hand)
 D - a +5 ring of evasion (left hand)
 H - a ring of positive energy
 Q - a ring of fire
Wands
 E - a wand of flame (13)
 F - a wand of polymorph (7)
 J - a wand of mindburst (7)
Scrolls
 a - a scroll of poison
 b - a scroll of vulnerability
 f - 2 scrolls of enchant armour
 g - 2 scrolls of silence
 h - 4 scrolls of magic mapping
 i - 3 scrolls of enchant weapon
 j - a scroll of brand weapon
 l - 2 scrolls of amnesia
 m - 3 scrolls of blinking
 r - 3 scrolls of teleportation
 x - 2 scrolls of fear {unknown}
 G - a scroll of immolation
Potions
 d - a potion of might
 k - 3 potions of cancellation {unknown}
 n - 7 potions of curing
 o - a potion of ambrosia {unknown}
 p - 3 potions of haste
 q - 3 potions of brilliance {unknown}
 s - 3 potions of invisibility {unknown}
 u - 3 potions of berserk rage {unknown}
 w - 2 potions of attraction
 z - 2 potions of magic {unknown}
 B - a potion of lignification {unknown}
 I - a potion of flight {unknown}
 M - a potion of heal wounds {unknown}


   Skills:
 + Level 10.2 Fighting
 * Level 13.6 Axes
 - Level 4.1 Throwing
 + Level 7.6 Armour
 + Level 1.6 Dodging
 - Level 3.6 Shields
 + Level 5.3 Invocations
 + Level 1.3 Evocations


You had 9 spell levels left.
You didn't know any spells.
Your spell library contained the following spells:

 Spells                   Type           Power      Damage    Failure   Level
 Foxfire                  Conj/Fire      0%         2x1d4     52%         1
 Sublimation of Blood     Necr           0%         N/A       65%         2
 Wereblood                Tmut           0%         N/A       65%         2
 Ignite Poison            Fire/Tmut/Pois 0%         N/A       87%         3
 Ozocubu's Armour         Ice            0%         N/A       87%         3
 Olgreb's Toxic Radiance  Pois           0%         N/A       99%         4
 Sticky Flame             Conj/Fire      0%         2d3       99%         4
 Fireball                 Conj/Fire      0%         3d3       100%        5
 Starburst                Conj/Fire      0%         6d3       100%        6
 Ozocubu's Refrigeration  Ice            0%         4d7       100%        7
 Ignition                 Fire           0%         3d3       100%        8
 Summon Hydra             Summ           Unusable   N/A       N/A         7

Dungeon Overview and Level Annotations

Branches:
Dungeon (9/15)             Temple (1/1) D:4             Orc (2/2) D:9
   Lair: D:8-11         Elf: Orc:2

Altars:
Ashenzari
Cheibriados
Dithmenos
Elyvilon
Fedhas
Gozag
Hepliaklqana
Kikubaaqudgha
Nemelex Xobeh
Okawaru
Qazlal
Ru
Sif Muna
Trog
Uskayaw
Vehumet
Wu Jian
Xom
Yredelemnul
Zin
The Shining One

Shops:
D:1 [

Annotations:
Orc:1 Azrael


Innate Abilities, Weirdness & Mutations

You have a pair of horns on your head.
You reflexively headbutt those who attack you in melee.


Message History

There is a stone staircase leading down here.
You barely miss Azrael. You slice the hell hound!! You freeze the hell hound!!
You kill the hell hound!
Okawaru accepts your kill. Azrael gestures at you. The sticky flame misses you.
You hit Azrael but do no damage. You headbutt Azrael, but do no damage.
You slash the fire elemental! You freeze the fire elemental.
The fire elemental barely misses you.
Azrael hits you with a +1 scimitar of flaming!
Azrael burns you.
You hit Azrael but do no damage. You closely miss the fire elemental.
The fire elemental hits you. The fire elemental burns you!
The fire elemental barely misses you. You furiously retaliate!
You headbutt the fire elemental!
Azrael hits you with a +1 scimitar of flaming!
Azrael burns you.
* * * LOW HITPOINT WARNING * * *
It was a potion of attraction.
You feel attractive to monsters. The fire elemental hits you.
The fire elemental burns you!
* * * LOW HITPOINT WARNING * * *
Azrael completely misses you.
The fire elemental completely misses you.
Azrael hits you with a +1 scimitar of flaming.
* * * LOW HITPOINT WARNING * * *
Azrael burns you.
* * * LOW HITPOINT WARNING * * *
It was a potion of curing.
You feel better. The fire elemental hits you.
* * * LOW HITPOINT WARNING * * *
The fire elemental burns you!
* * * LOW HITPOINT WARNING * * *
Azrael hits you with a +1 scimitar of flaming.
* * * LOW HITPOINT WARNING * * *
Azrael burns you.
* * * LOW HITPOINT WARNING * * *
The fire elemental hits you.
* * * LOW HITPOINT WARNING * * *
The fire elemental burns you!
You die...

#.........######
###..........##)))
##............)<)))
##...^..........))).
##........##.........
#......#####.........
##..#)...###........#
####E.........##....
#@R........####...
###.........# #.#.
###....#..# ###.
##...#### ## #.#..# #
######


You could see Azrael and a fire elemental.

Vanquished Creatures
  Pikel (D:6)
  A troll (D:9)
  2 shadows
  9 yaks
  Menkaure (D:6)
  6 water moccasins
  3 hell hounds (Orc:1)
  Duvessa (D:6)
  3 orc warriors
  A sky beast (D:6)
  A black bear (D:5)
  2 centaurs (D:7)
  3 ogres
  3 phantoms
  4 lemures
  2 bullfrogs
  A gnoll sergeant (Orc:1)
  8 wights
  4 scorpions
  Dowan (D:6)
  A troll zombie (D:9)
  13 killer bees
  A howler monkey (D:7)
  A hound (D:7)
  6 jellies
  2 orc priests
  2 gnoll boudas
  A sleepcap (D:6)
  An iguana (D:6)
  6 orc wizards
  7 ogre zombies (D:9)
  12 gnolls
  11 adders
  2 shadow imps
  A white imp (D:8)
  An ufetubus (D:7)
  3 worms (D:2)
  A dart slug (D:4)
  23 orcs
  5 endoplasms
  7 giant cockroaches
  8 goblins
  5 hobgoblins
  10 jackals
  8 kobolds
  2 quokkas (D:4)
  4 ball pythons (D:1)
  8 bats
  6 frilled lizards
  2 goblin skeletons (D:9)
  5 goblin zombies (D:9)
  A hobgoblin skeleton (D:9)
  3 hobgoblin zombies (D:9)
  2 orc skeletons (D:9)
  12 orc zombies (D:9)
  5 rats
245 creatures vanquished.

Vanquished Creatures (others)
  A quokka (D:3)
  4 fungi (D:7)
5 creatures vanquished.

Grand Total: 250 creatures vanquished

Notes
Turn   | Place    | Note
-------+----------+-------------------------------------------
     0 | D:1      | BillyBaka the Minotaur Fighter began the quest for the Orb.
     0 | D:1      | Reached XP level 1. HP: 19/19 MP: 0/0
    33 | D:1      | Found Tuzomale's Armour Shoppe.
    96 | D:1      | Reached skill level 3 in Axes
   116 | D:1      | Reached XP level 2. HP: 27/27 MP: 1/1
   564 | D:2      | Reached XP level 3. HP: 29/33 MP: 2/2
   567 | D:2      | Reached skill level 1 in Throwing
   648 | D:2      | Reached skill level 4 in Axes
   648 | D:2      | Reached XP level 4. HP: 41/41 MP: 3/3
  1257 | D:3      | Reached skill level 5 in Axes
  1315 | D:3      | Found a white marble altar of Elyvilon.
  1318 | D:3      | Reached XP level 5. HP: 29/47 MP: 4/4
  1356 | D:3      | Reached skill level 5 in Fighting
  1459 | D:3      | Found an iron altar of Okawaru.
  1472 | D:3      | Became a worshipper of Warmaster Okawaru
  1960 | D:4      | Reached skill level 6 in Axes
  1960 | D:4      | Reached XP level 6. HP: 56/56 MP: 5/5
  2283 | D:4      | Found a staircase to the Ecumenical Temple.
  2288 | Temple   | Entered the Ecumenical Temple
  2630 | D:4      | Reached skill level 7 in Axes
  2762 | D:5      | Entered Level 5 of the Dungeon
  2787 | D:5      | Reached * piety under Okawaru
  2788 | D:5      | Reached XP level 7. HP: 63/63 MP: 6/6
  2899 | D:5      | Reached skill level 8 in Axes
  3271 | D:5      | Found a basalt altar of Yredelemnul.
  3376 | D:5      | Found an opulent altar of Gozag.
  3628 | D:6      | Reached skill level 9 in Axes
  3755 | D:6      | Reached ** piety under Okawaru
  3756 | D:6      | Reached XP level 8. HP: 73/73 MP: 7/7
  3769 | D:6      | Noticed Dowan
  3776 | D:6      | Noticed Duvessa
  3809 | D:6      | Killed Duvessa
  3813 | D:6      | Killed Dowan
  4044 | D:6      | Reached skill level 10 in Axes
  4117 | D:6      | Noticed Pikel
  4161 | D:6      | Found a radiant altar of Vehumet.
  4191 | D:6      | Killed Pikel
  4192 | D:6      | Reached skill level 1 in Invocations
  4353 | D:6      | Noticed Menkaure
  4369 | D:6      | Killed Menkaure
  4369 | D:6      | Reached *** piety under Okawaru
  4370 | D:6      | Reached XP level 9. HP: 59/81 MP: 9/9
  4589 | D:7      | Reached skill level 11 in Axes
  4638 | D:7      | Reached skill level 5 in Armour
  4697 | D:7      | Found a bloodstained altar of Trog.
  4818 | D:7      | Reached **** piety under Okawaru
  5067 | D:7      | Identified the +1 leather armour of Xenlil {Will+ Dex+2
                  | SInv}
  5353 | D:8      | Found a blossoming altar of Fedhas.
  5427 | D:8      | Reached skill level 12 in Axes
  5594 | D:8      | Reached XP level 10. HP: 79/91 MP: 11/11
  5595 | D:8      | Reached ***** piety under Okawaru
  5596 | D:8      | Received a gift from Okawaru
  6054 | D:9      | Found a staircase to the Orcish Mines.
  6122 | D:9      | Received a gift from Okawaru
  6175 | D:9      | Found a broken altar of Ashenzari.
  6250 | D:9      | Reached skill level 13 in Axes
  6287 | D:9      | Received a gift from Okawaru
  6350 | D:9      | Reached skill level 5 in Invocations
  6454 | D:9      | Reached skill level 10 in Fighting
  6595 | D:9      | Found a sparkling altar of Nemelex Xobeh.
  6646 | D:9      | Found an ancient bone altar of Kikubaaqudgha.
  6647 | D:9      | Found a shimmering altar of Xom.
  6651 | D:9      | Found a hazy altar of Hepliaklqana.
  6653 | D:9      | Found a shadowy altar of Dithmenos.
  6653 | D:9      | Found a snail-covered altar of Cheibriados.
  6655 | D:9      | Found a shimmering blue altar of Sif Muna.
  6766 | Orc:1    | Entered Level 1 of the Orcish Mines
  6786 | Orc:1    | Reached skill level 1 in Dodging
  6899 | Orc:2    | Entered Level 2 of the Orcish Mines
  6899 | Orc:2    | Noticed Azrael
  6908 | Orc:1    | Received a gift from Okawaru
  6909 | Orc:1    | Reached skill level 1 in Evocations
  6933 | Orc:1    | Slain by a fire elemental

Illustrated notes

Levels and vault maps discovered:
D:1:      minmay_arrival_cross, layout_rooms, serial_shops, shop
D:2:      layout_loops_ring, chequers_serial_rivers_micro_d,
          minmay_misc_feat_enclosed, minmay_3d_cube
D:3:      layout_rooms, hellmonk_okawaru_the_only_friend_you_need,
          elyvilon_altar_4
D:4:      layout_basic, minmay_temple_entry_drinking_statues, st_stairs_12,
          dk_noncrumbling_2, kennysheep_dice
D:5:      layout_loops_ring, mainiacjoe_overflow_surrounded_room,
          kennysheep_mini_moat
D:6:      layout_loops_corners, mainiacjoe_overflow_six_doors_small,
          uniq_menkaure, uniq_pikel, uniq_duvessa
D:7:      layout_basic, mainiacjoe_overflow_chevrons, kennysheep_generic_room_4
D:8:      layout_loops_cross, fedhas_ov_isle_minmay
D:9:      layout_roguey, kennysheep_mini,
          mainiacjoe_overflow_concentric_impassable, minitemple,
          zombieorc2_lemuel, hangedman_abyss_or_decor_lesser_grid
Temple:   nicolae_temple_bog_church
Orc:1:    layout_diamond_mine
Orc:2:    pf_orc_diabolical, layout_diamond_mine, uniq_azrael, uniq_urug,
          uniq_snorg

Skill      XL: |  1  2  3  4  5  6  7  8  9 10 |
---------------+-------------------------------+-----
Axes           | 3 4 5 6 7 9 10 12 13 | 13.6
Fighting       | 4 5 6 7 8 9 10 | 10.2
Throwing       | 1 2 3 4 |  4.1
Armour         | 4 6 7 |  7.6
Invocations    | 2 3 5 |  5.3
Dodging        | 1 |  1.6
Evocations     | 1 |  1.3
Shields        | |  3.6

Action                     |  1- 3 |  4- 6 |  7- 9 | 10-12 || total
---------------------------+-------+-------+-------+-------++-------
  Melee: War axe           |    41 |   129 |   205 |       ||   375
         Headbutt          |     7 |    27 |    32 |    18 ||    84
         Battleaxe         |       |       |    29 |   117 ||   146
  Throw: Dart              |    32 |    34 |    38 |       ||   104
    Use: Scroll            |       |       |     9 |     2 ||    11
         Potion            |       |       |       |     2 ||     2
 Armour: Scale mail        |    14 |    73 |       |       ||    87
         Chain mail        |       |     2 |    97 |       ||    99
         Skin              |       |       |     6 |       ||     6
         Leather armour    |       |       |    11 |    40 ||    51
  Dodge: Dodged            |    21 |    54 |   155 |    85 ||   315
  Block: Buckler           |     8 |    23 |    47 |       ||    78

Table legend: (Time is in decaauts)
 A = Elapsed time spent in this place.
 B = Non-inter-level travel time spent in this place.
 C = Inter-level travel time spent in this place.
 D = Time resting spent in this place.
 E = Time spent auto-exploring this place.
 F = Levels seen in this place.
 G = Mean time per level.
                   A        B        C        D        E       F      G
               +--------+--------+--------+--------+--------+-----+--------+
         Total |   6997 |   6693 |    304 |     51 |   5033 |  12 |  583.1 |
       Dungeon |   6713 |   6417 |    296 |     51 |   4862 |   9 |  745.9 |
        Temple |    125 |    117 |      8 |      0 |    111 |   1 |  125.0 |
  Orcish Mines |    158 |    158 |      0 |      0 |     60 |   2 |   79.0 |
               +--------+--------+--------+--------+--------+-----+--------+

Top non-repeatable levels by time:
     D:6: 1021 daAuts
     D:5: 797 daAuts
     D:4: 791 daAuts
     D:7: 778 daAuts
     D:9: 777 daAuts
     D:2: 726 daAuts
     D:8: 655 daAuts
     D:3: 631 daAuts
     D:1: 534 daAuts
   Orc:1: 150 daAuts
  Temple: 125 daAuts
   Orc:2: 7 daAuts
